 Dungeon Crawl Stone Soup version 0.27.1-3-gb3d3a73c9e (webtiles) character file.

Game seed: 8127396808028267811

7644 tropedat the Bludgeoner (level 10, -5/80 HPs)
             Began as a Minotaur Berserker on Oct 14, 2021.
             Was an Elder of Trog.
             Shot with an arrow by a centaur warrior (13 damage)
             ... on level 13 of the Dungeon on Oct 16, 2021.
             The game lasted 01:13:47 (8713 turns).

tropedat the Bludgeoner (Minotaur Berserker)        Turns: 8713, Time: 01:13:47

Health: -5/80      AC: 16    Str: 25    XL:     10   Next: 99%
Magic:  9/9        EV:  8    Int:  7    God:    Trog [****..]
Gold:   525        SH:  0    Dex: 12    Spells: 9/9 levels left

rFire    . . .     SeeInvis +   d - +2 eveningstar (flame)
rCold    . . .     Faith    .   (no shield)
rNeg     . . .     Spirit   .   v - +0 plate armour
rPois    .         Reflect  .   (helmet restricted)
rElec    .         Harm     .   (no cloak)
rCorr    .         Rampage  .   C - +0 pair of gloves "Geul" {+Blink Dex-4 SInv Stlth+}
Will     ++...                  (no boots)
Stlth    ..........             A - amulet of regeneration
HPRegen  1.23/turn              o - +6 ring of dexterity
MPRegen  0.11/turn              y - ring of the Mage {Wiz Will++ Int+3}

@: no status effects
A: horns 2, retaliatory headbutt
a: Renounce Religion, Evoke Blink, Berserk, Trog's Hand, Brothers in Arms


You were on level 13 of the Dungeon.
You worshipped Trog.
Trog was greatly pleased with you.
You visited 1 branch of the dungeon, and saw 13 of its levels.
You also visited: Sewer.

You collected 525 gold pieces.

Inventory:

Hand Weapons
 d - a +2 eveningstar of flaming (weapon)
 j - a +3 morningstar
 t - a +0 shortbow
 w - a +2 battleaxe
Missiles
 f - 72 bolts
 p - 110 arrows
 u - 3 boomerangs of dispersal (quivered)
 G - 3 throwing nets
Armour
 c - +0 acid dragon scales
 i - a +1 scale mail of fire resistance
 v - a +0 plate armour (worn)
 C - the +0 pair of gloves "Geul" (worn) {+Blink Dex-4 SInv Stlth+}
   (You found it on level 8 of the Dungeon)

   Dex:       It affects your dexterity (-4).
   SInv:      It lets you see invisible.
   +Blink:    It lets you blink.
   Stlth:     It makes you more stealthy.
Jewellery
 e - a ring of magical power
 o - a +6 ring of dexterity (left hand)
 y - the ring of the Mage (right hand) {Wiz Will++ Int+3}
   (You found it on level 8 of the Dungeon)

   [ring of wizardry]

   It improves your spell success rate.
   Int:       It affects your intelligence (+3).
   Will:      It greatly increases your willpower.
 A - an amulet of regeneration (around neck)
 E - a ring of positive energy
Wands
 h - a wand of charming (3)
 F - a wand of flame (29)
 L - a wand of paralysis (7)
Scrolls
 b - 3 scrolls of teleportation
 k - 3 scrolls of enchant armour
 B - a scroll of fear
 J - a scroll of blinking
 K - a scroll of enchant weapon
Potions
 a - a potion of flight {unknown}
 g - 2 potions of invisibility
 l - 2 potions of heal wounds {unknown}
 m - 3 potions of curing
 n - 2 potions of brilliance
 q - 2 potions of cancellation
 r - a potion of might
 s - a potion of magic
 x - a potion of berserk rage {unknown}
 z - a potion of ambrosia
 D - a potion of haste {unknown}


   Skills:
 + Level 4.6 Fighting
 + Level 15.7 Maces & Flails
 + Level 10.8 Armour
 - Level 2.2 Dodging
 + Level 3.0 Evocations


You had 9 spell levels left.
You didn't know any spells.
Your spell library was empty.

Dungeon Overview and Level Annotations

Branches:
Dungeon (13/15)            Temple (0/1) D:7           Sewer (visited)
   Lair: D:8-11         Orc: D:9-12      Vaults: D:13-14

Altars:
Cheibriados
Dithmenos
Gozag
Hepliaklqana
Kikubaaqudgha
Makhleb
Okawaru
Ru
Sif Muna
Trog
Uskayaw
Xom
Yredelemnul
The Shining One

Shops:
D:2 =   D:3 [   D:11 !


Innate Abilities, Weirdness & Mutations

You have a pair of horns on your head.
You reflexively headbutt those who attack you in melee.


Message History

The unseen horror hits you.
Found 15 gold pieces.
The unseen horror barely misses you.
The unseen horror hits you but does no damage.
Found a stone staircase leading down.
The unseen horror hits you but does no damage.
The unseen horror hits you. The unseen horror barely misses you.
The unseen horror hits you but does no damage.
The unseen horror hits you but does no damage.
The unseen horror hits you but does no damage.
The unseen horror hits you but does no damage. x2
The unseen horror hits you but does no damage.
There is a stone staircase leading down here.
The unseen horror hits you.
You climb downwards.
There is a stone staircase leading up here.
You open the door.
There is an open door here.
You open the door.
There is an open door here.
A centaur warrior comes into view.
The centaur warrior shouts!
A centaur warrior is nearby!
The centaur warrior wields a +1 shortbow of flaming.
It bursts into flame!
The centaur warrior shoots an arrow.
The arrow hits you! The arrow burns you.
Unknown command.
The centaur warrior shoots an arrow.
The arrow hits you but does no damage.
The centaur warrior shoots an arrow.
The arrow hits you! The arrow burns you.
The centaur warrior shoots an arrow.
The arrow hits you! The arrow burns you.
The centaur warrior shoots an arrow.
The arrow hits you.
* * * LOW HITPOINT WARNING * * *
The arrow burns you.
* * * LOW HITPOINT WARNING * * *
The centaur warrior shoots an arrow.
The arrow hits you!
* * * LOW HITPOINT WARNING * * *
The arrow burns you.
* * * LOW HITPOINT WARNING * * *
The centaur warrior shoots an arrow.
The arrow hits you!
You die...

#....#............#
#....+............#
#....#.....#......#
#....#.....#......#
+#####....#'##..#......#
.............##'########
.............#.....#
.............#.<...#
.......@.....#.....#
.............#.....#
........!....##+####
#####....####... +....#
... #..c.+ .... #....#
.. #....#


You could see a centaur warrior.

Vanquished Creatures
  Harold (D:7)
  Joseph (D:8)
  A komodo dragon (D:7)
  A troll (D:9)
  A hornet (D:8)
  A shadow (D:9)
  14 yaks
  Eustachio (D:6)
  2 steam dragons
  An acid dragon (D:10)
  A water moccasin (D:9)
  2 orc warriors
  Purgy (Sewer)
  3 sky beasts
  3 black bears
  A necrophage (D:6)
  2 ogres (D:5)
  5 centaurs
  2 kobold brigands
  2 bullfrogs
  3 scorpions
  A wyvern skeleton (D:6)
  5 howler monkeys
  8 wights
  A centaur zombie (D:6)
  2 hounds
  A bullfrog skeleton (D:6)
  An orc priest (D:4)
  A gnoll shaman (D:6)
  3 iguanas
  5 orc wizards
  3 howler monkey zombies
  5 gnolls (D:6)
  12 adders
  A shadow imp (D:5)
  2 white imps
  An adder skeleton (D:4)
  2 worms
  29 orcs
  2 bats
  8 endoplasms
  10 giant cockroaches
  4 goblins
  8 hobgoblins
  2 jackals (D:5)
  12 kobolds
  6 quokkas
  7 ball pythons
  14 frilled lizards
  2 rats (D:3)
207 creatures vanquished.

Vanquished Creatures (collateral kills)
  An adder (D:4)
  A giant cockroach (D:4)
2 creatures vanquished.

Vanquished Creatures (others)
  A wizard (D:3)
  9 plants
10 creatures vanquished.

Grand Total: 219 creatures vanquished

Notes
Turn   | Place    | Note
-------+----------+-------------------------------------------
     0 | D:1      | tropedat the Minotaur Berserker began the quest for the
                  | Orb.
     0 | D:1      | Reached XP level 1. HP: 19/19 MP: 0/0
   418 | D:1      | Reached skill level 4 in Maces & Flails
   422 | D:1      | Reached XP level 2. HP: 18/27 MP: 1/1
   683 | D:1      | Identified a scroll of acquirement
   683 | D:1      | Acquired a +1 eveningstar of flaming
   794 | D:1      | Found a faded altar of an unknown god.
  1290 | D:2      | Reached XP level 3. HP: 32/33 MP: 2/2
  1500 | D:2      | Reached skill level 5 in Maces & Flails
  1515 | D:2      | Reached ** piety under Trog
  1899 | D:2      | Found Maaxije's Jewellery Boutique.
  1907 | D:2      | Reached XP level 4. HP: 34/40 MP: 3/3
  2071 | D:3      | Found a glowing golden altar of the Shining One.
  2106 | D:3      | Found an ancient bone altar of Kikubaaqudgha.
  2148 | D:3      | Reached skill level 6 in Maces & Flails
  2280 | D:3      | Found Luesso's Antique Armour Emporium.
  2401 | D:3      | Found a bloodstained altar of Trog.
  2403 | D:3      | Noticed a wizard
  2408 | D:3      | Killed a wizard
  2602 | D:4      | Reached XP level 5. HP: 46/46 MP: 4/4
  2686 | D:4      | Reached skill level 7 in Maces & Flails
  3116 | D:4      | Found a shadowy altar of Dithmenos.
  3154 | D:4      | Reached XP level 6. HP: 45/52 MP: 5/5
  3287 | D:4      | Reached *** piety under Trog
  3288 | D:4      | Reached skill level 8 in Maces & Flails
  3392 | D:5      | Entered Level 5 of the Dungeon
  3392 | D:5      | Found a snail-covered altar of Cheibriados.
  3401 | D:5      | Reached skill level 9 in Maces & Flails
  3617 | D:5      | Found a burning altar of Makhleb.
  3769 | D:5      | Reached XP level 7. HP: 52/59 MP: 6/6
  4088 | D:5      | Found a glowing drain.
  4109 | Sewer    | Entered a sewer
  4185 | Sewer    | Noticed Purgy
  4192 | Sewer    | Killed Purgy
  4193 | Sewer    | Reached skill level 10 in Maces & Flails
  4433 | D:5      | Reached skill level 5 in Armour
  4775 | D:6      | Reached XP level 8. HP: 66/66 MP: 7/7
  5329 | D:6      | Reached skill level 11 in Maces & Flails
  5378 | D:6      | Noticed Eustachio
  5386 | D:6      | Killed Eustachio
  5442 | D:6      | Reached **** piety under Trog
  5484 | D:6      | Found a shimmering altar of Xom.
  5610 | D:6      | Reached skill level 12 in Maces & Flails
  5761 | D:7      | Reached XP level 9. HP: 71/71 MP: 8/8
  6067 | D:7      | You fall into a shaft and drop 3 floors!
  6067 | D:10     | Entered Level 10 of the Dungeon
  6152 | D:9      | Noticed a troll
  6159 | D:9      | Killed a troll
  6245 | D:9      | Reached skill level 13 in Maces & Flails
  6616 | D:8      | Found the ring of the Mage {Wiz Will++ Int+3}
  6622 | D:8      | Found a hazy altar of Hepliaklqana.
  6623 | D:8      | Found a basalt altar of Yredelemnul.
  6628 | D:8      | Found a shimmering blue altar of Sif Muna.
  6650 | D:8      | Reached skill level 14 in Maces & Flails
  6656 | D:8      | Reached XP level 10. HP: 78/78 MP: 9/9
  6782 | D:8      | Found a sacrificial altar of Ru.
  6817 | D:8      | Noticed Joseph
  6836 | D:8      | Killed Joseph
  6837 | D:8      | Reached skill level 15 in Maces & Flails
  6837 | D:8      | Reached skill level 10 in Armour
  6878 | D:8      | Identified the +0 pair of gloves "Geul" {+Blink Dex-4 SInv
                  | Stlth+}
  7114 | D:7      | Found a staircase to the Ecumenical Temple.
  7198 | D:7      | Reached skill level 1 in Evocations
  7329 | D:7      | Noticed Harold
  7341 | D:7      | Killed Harold
  7341 | D:7      | Reached ***** piety under Trog
  7578 | D:8      | Paralysed by a hornet for 2 turns
  7679 | D:8      | Found an iron altar of Okawaru.
  7685 | D:8      | Found a hide-covered altar of Uskayaw.
  8029 | D:9      | Found an opulent altar of Gozag.
  8670 | D:11     | Found Liokhlur's Distillery.
  8708 | D:13     | Noticed a centaur warrior
  8713 | D:13     | Shot with an arrow by a centaur warrior

Illustrated notes

Levels and vault maps discovered:
D:1:      kilobyte_arrival_exit_the_forest, layout_loops_ring,
          chequers_ecumenical_altar_simple, serial_glass, glass_columns_c,
          glass_columns_a, minmay_statues_item, st_stairs_3,
          minmay_misc_feat_nine_boxes
D:2:      layout_rooms, serial_shops, nicolae_shop_behind_doors, minmay_ruptured
D:3:      layout_rooms, trog_wizard, mainiacjoe_overflow_large_starburst,
          serial_shops, shop
D:4:      layout_rooms, mainiacjoe_overflow_six_doors_small, grunt_ministairs_14
D:5:      layout_basic, cheibriados_altar_1, old_standard_altar,
          gup_sewer_entry_pipe, minmay_lizard_king
D:6:      layout_cave_pools, lemuel_round_altar, uniq_eustachio
D:7:      layout_rooms, minmay_temple_entry_overgrown, lightli_orcish_oven,
          uniq_harold
D:8:      layout_cave_pools, hangedman_ru_absence,
          nicolae_overflow_hidden_temple, minmay_sticks_and_stones
D:9:      layout_basic, grunt_gozag_breadcrumbs
D:10:     layout_roguey, lemuel_tele_altar, uniq_urug
D:11:     layout_basic, erik_lair_dragon, serial_shops, nicolae_stop_n_shop_1,
          uniq_josephine
D:12:     layout_irregular_city, david_orc_1_choice, gauntlet_entry_generic,
          bh_circular_ruins, uniq_fannar
D:13:     layout_gridville, fedhas_altar_3

Skill      XL: |  1  2  3  4  5  6  7  8  9 10 |
---------------+-------------------------------+-----
Maces & Flails | 4 5 6 7 9 10 12 14 15 | 15.7
Fighting       | 4 |  4.6
Armour         | 5 7 9 10 | 10.8
Evocations     | 3 |  3.0
Dodging        | |  2.2

Action                   |  1- 3 |  4- 6 |  7- 9 | 10-12 || total
-------------------------+-------+-------+-------+-------++-------
Melee: Mace              |    16 |       |       |       ||    16
       Headbutt          |     7 |    14 |    33 |    19 ||    73
       Eveningstar       |    38 |   101 |   211 |    85 ||   435
 Fire: Shortbow          |       |       |       |     6 ||     6
Invok: Berserk           |       |     2 |    13 |     4 ||    19
       Trog's Hand       |       |     1 |     1 |     1 ||     3
 Abil: Evoke Blink       |       |       |       |     2 ||     2
Evoke: Wand              |       |     2 |       |       ||     2
  Use: Scroll            |     3 |     5 |     4 |     5 ||    17
       Potion            |     4 |       |     3 |       ||     7
Armor: Animal skin       |     3 |     4 |       |       ||     7
       Scale mail        |       |    31 |    94 |    18 ||   143
       Plate armour      |       |       |       |    25 ||    25
Dodge: Dodged            |    31 |    42 |   127 |    49 ||   249
